Ducks vs Blackhawks

Created - 2 novembre 2023 at 21:27

Goals
1 2 3 T
Ducks 2 2 1 5
Blackhawks 1 1 1 3
Shots
1 2 3 T
Ducks 9 7 13 29
Blackhawks 9 14 21 44

GoalsPenalties
1st period
1. Ducks , Nick Ritchie 3 (Morgan Rielly 8, Oliver Wahlstrom 2) at 3:32
2. Ducks , Steven Stamkos 8 (Lawson Crouse 8) at 14:45
3. Blackhawks , Nikita Kucherov 10 (Nathan MacKinnon 13) at 15:27 (PP)
Morgan Rielly (ANA) for Hooking (Minor) at 15:22
Dylan Larkin (ANA) for High sticking (Minor) at 16:14
2nd period
4. Ducks , Dylan Larkin 9 (Johnny Gaudreau 11, Timo Meier 6) at 0:38
5. Blackhawks , Valeri Nichushkin 4 (Noah Hanifin 5, Nikita Kucherov 15) at 0:50
6. Ducks , Dylan Larkin 10 (Johnny Gaudreau 12) at 16:04
Josh Manson (ANA) for Roughing (Minor) at 8:02
Ryan McDonagh (ANA) for Hooking (Minor) at 14:46
Nikita Kucherov (CHI) for Hooking (Minor) at 15:53
3rd period
7. Blackhawks , Ivan Barbashev 10 (Alex Tuch 13, Jack Eichel 14) at 13:01
8. Ducks , Johnny Gaudreau 6 (Ryan McDonagh 9, Carter Hart) at 14:33 (PP)
Nathan MacKinnon (CHI) for Slashing (Minor) at 13:28
Goalie Stats
Carter Hart (ANA), 41 saves from 44 shots - (0,932), W, 9-13-3, 60:00 minutes
Jacob Markstrom (CHI), 11 saves from 15 shots - (0,733), L, 10-9-1, 36:04 minutes
Jake Allen (CHI), 13 saves from 14 shots - (0,929), 23:56 minutes
3 StarsOfficial
1 - Johnny Gaudreau (ANA)
2 - Dylan Larkin (ANA)
3 - Carter Hart (ANA)
Referees : Jordan Samuels-Thomas and Furman South
Linesman : Caleb Apperson and Matt MacPherson
Game Note
Jake Allen enters game at 16:04 of 2nd period
Finance
Level 1 -- Attendance: 5914 (99%) -- Ticket Income $532,260
Level 2 -- Attendance: 4658 (93%) -- Ticket Income $232,900
Level 3 -- Attendance: 4017 (89%) -- Ticket Income $80,340
Level 4 -- Attendance: 4000 (100%) -- Ticket Income $60,000
Luxury Box -- Attendance: 937 (94%) -- Ticket Income $168,660
Game was played at the United Center.
Total Attendance: 19526 (95%)
Total Ticket Income: $1,074,160
Other Income: $322,248
Total Income: $1,396,408



Team Name Goals Shots Shots Attemp Shots Blocked PIM HIT PP PK FO%
Ducks 52968158161 / 2 (50%)160%
Blackhawks 34473124171 / 4 (25%)140%

Ducks
Player Name POS G A P +/- PIM HIT SHT SB MP PP MP PP SHT PK MP PK SHT FO% FOT GA TA
Adam LarssonD0000041126:590:5103:2800% 020
Dylan LarkinC2021223019:200:4700:00076% 2112
Johnny GaudreauLW1231006019:541:1910:0100% 101
Josh MansonD0002201114:290:0002:0000% 011
Lawson CrouseLW/RW0110012119:340:0002:530100% 111
Mark StoneRW0000001016:380:4700:0000% 310
Michael McLeodC000100107:360:0000:01075% 400
Morgan GeekieC/RW0000020114:010:4702:53050% 600
Morgan RiellyD0110201319:371:4800:0000% 000
Nick RitchieLW101100107:080:0000:0000% 000
Oliver WahlstromRW011100207:080:0000:0000% 000
Oskar SundqvistC/RW0000011012:250:0002:16025% 400
Riley StillmanD0001010113:060:0001:4200% 001
Ryan McDonaghD0110200020:591:2701:3400% 000
Steven StamkosC/LW1010006117:411:2510:00061% 2812
Thomas ChabotD0001000625:240:2401:3600% 021
Timo MeierLW/RW0110032019:301:2500:0000% 000
Trent FredericLW/RW0000021012:250:0002:1600% 000
Blackhawks
Player Name POS G A P +/- PIM HIT SHT SB MP PP MP PP SHT PK MP PK SHT FO% FOT GA TA
Alex TuchLW/RW011-1005018:072:1300:44050% 220
Alexandre CarrierD000-1000110:590:0000:0000% 000
Brett PesceD000-2012126:393:4701:3700% 011
Carson SoucyD000-1010113:031:2300:3500% 001
Cole SillingerC000000006:280:0000:0000% 100
Erik CernakD0001012120:180:0000:0000% 012
Gabriel VilardiC/RW000-1004011:470:0000:09045% 1111
Ivan BarbashevC/LW101-2046019:482:1311:50025% 400
Jack EichelC011-1013017:492:1300:05046% 1311
John MarinoD0001012122:221:2300:3500% 010
Klim KostinLW/RW000000106:280:0000:0000% 001
Miles WoodLW000000006:280:0000:0000% 000
Nathan MacKinnonC0110233122:442:5710:28031% 3221
Nicolas DeslauriersLW/RW000-1024012:050:0000:030100% 100
Nikita KucherovRW1121205122:292:5611:050100% 200
Noah HanifinD011-2002326:393:4701:3700% 001
Tanner JeannotLW/RW000-1033111:400:0000:0000% 000
Valeri NichushkinLW/RW1011002121:012:5700:00050% 200

Ducks

5 vs 5 Forward
Line #Left WingCenterRight WingPHYDFOFWanted %Time %Time Play
1Johnny GaudreauDylan LarkinTimo Meier0234137%18:57
2Mark StoneSteven StamkosLawson Crouse0233931%15:51
3Morgan GeekieOskar SundqvistTrent Frederic0411519%9:50
4Oliver WahlstromMichael McLeodNick Ritchie050514%7:08
5 vs 5 Defense
Line #DefenseDefensePHYDFOFWanted %Time %Time Play
1Thomas ChabotAdam Larsson0414043%22:12
2Morgan RiellyRyan McDonagh0414036%18:37
3Josh MansonRiley Stillman0502021%10:57
4Ryan McDonaghRiley Stillman12200%0:00
Power Play Forward
Line #Left WingCenterRight WingPHYDFOFWanted %Time %Time Play
1Johnny GaudreauSteven StamkosTimo Meier1045260%1:19
2Mark StoneDylan LarkinMorgan Geekie1044840%0:53
Power Play Defense
Line #DefenseDefensePHYDFOFWanted %Time %Time Play
1Morgan RiellyRyan McDonagh0145361%1:21
2Adam LarssonThomas Chabot0144739%0:51
Penalty Kill 4 Players Forward
Line #CenterWingPHYDFOFWanted %Time %Time Play
1Morgan GeekieLawson Crouse0505256%2:54
2Oskar SundqvistTrent Frederic0504844%2:16
Penalty Kill 4 Players Defense
Line #DefenseDefensePHYDFOFWanted %Time %Time Play
1Adam LarssonJosh Manson0505267%3:28
2Ryan McDonaghRiley Stillman0504833%1:42
Penalty Kill 3 Players
Line #WingPHYDFOFWanted %Time %Time PlayDefenseDefensePHYDFOFWanted %Time %Time Play
1Oskar Sundqvist140600%0:00 Adam LarssonRiley Stillman140600%0:00
2Morgan Geekie140400%0:00 Josh MansonRyan McDonagh140400%0:00
4 vs 4 Forward
Line #CenterWingPHYDFOFWanted %Time %Time Play
1Dylan LarkinJohnny Gaudreau0235052%0:27
2Steven StamkosTimo Meier1135048%0:25
4 vs 4 Defense
Line #DefensePHYDFOFWanted %Time %Time Play
1Ryan McDonaghThomas Chabot0505592%55% - 0:48
2Adam LarssonMorgan Rielly050458%45% - 0:04
Last Minutes Offensive
Left WingCenterRight WingDefenseDefense
Steven StamkosDylan LarkinJohnny GaudreauMorgan RiellyThomas Chabot
Last Minutes Defensive
Left WingCenterRight WingDefenseDefense
Oskar SundqvistMorgan GeekieMark StoneAdam LarssonRyan McDonagh
Time
Total ForwardTotal DefenseLast Minutes OffensiveLast Minutes Defensive
60:00 60:00 0:000:00
Extra Forwards
Normal PowerPlayPenalty Kill
Trent Frederic, Oskar Sundqvist, Timo MeierMichael McLeod, Trent FredericMichael McLeod
Extra Defensemen
Normal PowerPlayPenalty Kill
Josh Manson, Riley Stillman, Ryan McDonaghRiley Stillman, Thomas ChabotMorgan Rielly
Penalty Shots
Steven Stamkos, Mark Stone, Johnny Gaudreau, Dylan Larkin, Timo Meier
Goalie
Carter Hart, Cal Petersen
Scratches
None

Blackhawks

5 vs 5 Forward
Line #Left WingCenterRight WingPHYDFOFWanted %Time %Time Play
1Valeri NichushkinNathan MacKinnonNikita Kucherov0324036%18:30
2Ivan BarbashevJack EichelAlex Tuch0323529%15:10
3Nicolas DeslauriersGabriel VilardiTanner Jeannot0322022%11:38
4Miles WoodCole SillingerKlim Kostin032512%6:28
5 vs 5 Defense
Line #DefenseDefensePHYDFOFWanted %Time %Time Play
1Noah HanifinBrett Pesce0324040%20:27
2John MarinoErik Cernak0324039%20:20
3Carson SoucyAlexandre Carrier0322021%10:59
4Noah HanifinBrett Pesce03200%0:00
Power Play Forward
Line #Left WingCenterRight WingPHYDFOFWanted %Time %Time Play
1Valeri NichushkinNathan MacKinnonNikita Kucherov1136057%2:57
2Ivan BarbashevJack EichelAlex Tuch1134043%2:13
Power Play Defense
Line #DefenseDefensePHYDFOFWanted %Time %Time Play
1Noah HanifinBrett Pesce1226073%3:47
2John MarinoCarson Soucy1224027%1:23
Penalty Kill 4 Players Forward
Line #CenterWingPHYDFOFWanted %Time %Time Play
1Nathan MacKinnonNikita Kucherov03260100%2:12
2Jack EichelAlex Tuch032400%0:00
Penalty Kill 4 Players Defense
Line #DefenseDefensePHYDFOFWanted %Time %Time Play
1Noah HanifinBrett Pesce1406073%1:37
2John MarinoCarson Soucy1404027%0:35
Penalty Kill 3 Players
Line #WingPHYDFOFWanted %Time %Time PlayDefenseDefensePHYDFOFWanted %Time %Time Play
1Nathan MacKinnon032600%0:00 Noah HanifinBrett Pesce140600%0:00
2Jack Eichel032400%0:00 John MarinoCarson Soucy140400%0:00
4 vs 4 Forward
Line #CenterWingPHYDFOFWanted %Time %Time Play
1Nathan MacKinnonNikita Kucherov03260100%0:52
2Jack EichelAlex Tuch032400%0:00
4 vs 4 Defense
Line #DefensePHYDFOFWanted %Time %Time Play
1Noah HanifinBrett Pesce0326092%60% - 0:48
2John MarinoCarson Soucy032408%40% - 0:04
Last Minutes Offensive
Left WingCenterRight WingDefenseDefense
Alex TuchNathan MacKinnonNikita KucherovNoah HanifinBrett Pesce
Last Minutes Defensive
Left WingCenterRight WingDefenseDefense
Alex TuchNathan MacKinnonNikita KucherovNoah HanifinBrett Pesce
Time
Total ForwardTotal DefenseLast Minutes OffensiveLast Minutes Defensive
60:00 60:00 0:000:00
Extra Forwards
Normal PowerPlayPenalty Kill
Ivan Barbashev, Jack Eichel, Tanner JeannotIvan Barbashev, Jack EichelIvan Barbashev
Extra Defensemen
Normal PowerPlayPenalty Kill
Carson Soucy, Erik Cernak, Alexandre CarrierCarson Soucy, Carson SoucyErik Cernak
Penalty Shots
Nathan MacKinnon, Nikita Kucherov, Alex Tuch, Valeri Nichushkin, Ivan Barbashev
Goalie
Jacob Markstrom, Jake Allen
Scratches
Jordan Harris (Healthy)


Play-by-Play

1st period


0:01 of 1st period - Dylan Larkin wins face-off versus Nathan MacKinnon in neutral zone.
0:04 of 1st period - Valeri Nichushkin is hit by Adam Larsson and loses puck.
1:36 of 1st period - Wrist shot by Ivan Barbashev.
1:36 of 1st period - Stopped by Carter Hart without a rebound.
1:37 of 1st period - Steven Stamkos wins face-off versus Gabriel Vilardi in Ducks zone.
1:46 of 1st period - Snap shot by Lawson Crouse.
1:46 of 1st period - Stopped by Jacob Markstrom without a rebound.
1:47 of 1st period - Steven Stamkos wins face-off versus Gabriel Vilardi in Blackhawks zone.
1:50 of 1st period - Wrist shot by Lawson Crouse.
1:50 of 1st period - Shot Blocked by Erik Cernak.
2:22 of 1st period - Snap shot by Gabriel Vilardi.
2:22 of 1st period - Shot Blocked by Steven Stamkos.
2:24 of 1st period - Snap shot by John Marino.
2:24 of 1st period - Deflect By Tanner Jeannot.
2:24 of 1st period - Stopped by Carter Hart without a rebound.
2:25 of 1st period - Dylan Larkin wins face-off versus Nathan MacKinnon in Ducks zone.
3:18 of 1st period - Off-side.
3:19 of 1st period - Alex Tuch wins face-off versus Michael McLeod in neutral zone.
3:30 of 1st period - Slapshot by Morgan Rielly.
3:30 of 1st period - Shot Misses the Net.
3:32 of 1st period - Snap shot by Nick Ritchie.
3:32 of 1st period - Goal by Nick Ritchie - Ducks : 1 - Blackhawks : 0.
3:33 of 1st period - Dylan Larkin wins face-off versus Nathan MacKinnon in neutral zone.
3:50 of 1st period - Wrist shot by Timo Meier.
3:50 of 1st period - Shot Blocked by Valeri Nichushkin.
4:00 of 1st period - Erik Cernak is hit by Oskar Sundqvist and loses puck.
4:11 of 1st period - Snap shot by Trent Frederic.
4:11 of 1st period - Shot Misses the Net.
4:17 of 1st period - Morgan Rielly is hit by John Marino and loses puck.
4:33 of 1st period - Slapshot by Erik Cernak.
4:33 of 1st period - Deflect By Nathan MacKinnon.
4:33 of 1st period - Shot Misses the Net.
4:33 of 1st period - Puck is out of play.
4:34 of 1st period - Gabriel Vilardi wins face-off versus Dylan Larkin in Ducks zone.
4:51 of 1st period - Slapshot by Dylan Larkin.
4:51 of 1st period - Shot Misses the Net.
6:37 of 1st period - Wrist shot by Gabriel Vilardi.
6:37 of 1st period - Stopped by Carter Hart with a rebound.
6:39 of 1st period - Snap shot by Nicolas Deslauriers.
6:39 of 1st period - Stopped by Carter Hart without a rebound.
6:40 of 1st period - Gabriel Vilardi wins face-off versus Mark Stone in Ducks zone.
7:13 of 1st period - Wrist shot by Gabriel Vilardi.
7:13 of 1st period - Stopped by Carter Hart with a rebound.
7:31 of 1st period - Slapshot by Steven Stamkos.
7:31 of 1st period - Stopped by Jacob Markstrom with a rebound.
7:33 of 1st period - Wrist shot by Lawson Crouse.
7:33 of 1st period - Shot Misses the Net.
7:35 of 1st period - Snap shot by Mark Stone.
7:35 of 1st period - Stopped by Jacob Markstrom with a rebound.
7:37 of 1st period - Snap shot by Lawson Crouse.
7:37 of 1st period - Shot Misses the Net.
7:39 of 1st period - Wrist shot by Mark Stone.
7:39 of 1st period - Shot Misses the Net.
7:41 of 1st period - Slapshot by Ryan McDonagh.
7:41 of 1st period - Shot Blocked by Tanner Jeannot.
7:49 of 1st period - Snap shot by Lawson Crouse.
7:49 of 1st period - Deflect By Mark Stone.
7:49 of 1st period - Shot Blocked by Carson Soucy.
7:49 of 1st period - Puck is out of play.
7:50 of 1st period - Dylan Larkin wins face-off versus Nathan MacKinnon in Blackhawks zone.
8:24 of 1st period - Ivan Barbashev is hit by Trent Frederic and loses puck.
8:41 of 1st period - Wrist shot by Klim Kostin.
8:41 of 1st period - Stopped by Carter Hart without a rebound.
8:42 of 1st period - Michael McLeod wins face-off versus Nathan MacKinnon in Ducks zone.
8:59 of 1st period - Wrist shot by Michael McLeod.
8:59 of 1st period - Stopped by Jacob Markstrom without a rebound.
9:00 of 1st period - Dylan Larkin wins face-off versus Alex Tuch in Blackhawks zone.
9:16 of 1st period - Icing by Timo Meier.
9:17 of 1st period - Dylan Larkin wins face-off versus Nathan MacKinnon in Ducks zone.
9:22 of 1st period - Valeri Nichushkin is hit by Dylan Larkin and loses puck.
9:31 of 1st period - Wrist shot by Johnny Gaudreau.
9:31 of 1st period - Stopped by Jacob Markstrom without a rebound.
9:32 of 1st period - Steven Stamkos wins face-off versus Jack Eichel in Blackhawks zone.
10:08 of 1st period - Snap shot by Nathan MacKinnon.
10:08 of 1st period - Stopped by Carter Hart with a rebound.
10:26 of 1st period - Wrist shot by Gabriel Vilardi.
10:26 of 1st period - Shot Misses the Net.
10:59 of 1st period - Icing by Noah Hanifin.
11:00 of 1st period - Jack Eichel wins face-off versus Dylan Larkin in Blackhawks zone.
11:41 of 1st period - Nikita Kucherov is hit by Dylan Larkin and loses puck.
12:08 of 1st period - Snap shot by Nikita Kucherov.
12:08 of 1st period - Shot Misses the Net.
13:00 of 1st period - Slapshot by Johnny Gaudreau.
13:00 of 1st period - Stopped by Jacob Markstrom without a rebound.
13:01 of 1st period - Steven Stamkos wins face-off versus Jack Eichel in Blackhawks zone.
13:10 of 1st period - Snap shot by Jack Eichel.
13:10 of 1st period - Stopped by Carter Hart with a rebound.
13:12 of 1st period - Wrist shot by Ivan Barbashev.
13:12 of 1st period - Shot Blocked by Lawson Crouse.
13:39 of 1st period - Slapshot by Carson Soucy.
13:39 of 1st period - Shot Misses the Net.
14:37 of 1st period - Snap shot by Oliver Wahlstrom.
14:37 of 1st period - Stopped by Jacob Markstrom without a rebound.
14:38 of 1st period - Lawson Crouse wins face-off versus Gabriel Vilardi in Blackhawks zone.
14:45 of 1st period - Slapshot by Steven Stamkos.
14:45 of 1st period - Goal by Steven Stamkos - Ducks : 2 - Blackhawks : 0.
14:46 of 1st period - Steven Stamkos wins face-off versus Nathan MacKinnon in neutral zone.
15:03 of 1st period - Wrist shot by Steven Stamkos.
15:03 of 1st period - Shot Blocked by Brett Pesce.
15:22 of 1st period - Minor Penalty to Morgan Rielly for Hooking.
15:23 of 1st period - Nathan MacKinnon wins face-off versus Morgan Geekie in Ducks zone.
15:25 of 1st period - Snap shot by Nathan MacKinnon.
15:25 of 1st period - Shot Blocked by Josh Manson.
15:27 of 1st period - Snap shot by Nikita Kucherov.
15:27 of 1st period - Goal by Nikita Kucherov - Ducks : 2 - Blackhawks : 1.
15:28 of 1st period - Jack Eichel wins face-off versus Steven Stamkos in neutral zone.
15:30 of 1st period - Off-side.
15:31 of 1st period - Jack Eichel wins face-off versus Mark Stone in neutral zone.
16:14 of 1st period - Minor Penalty to Dylan Larkin for High sticking.
16:15 of 1st period - Nathan MacKinnon wins face-off versus Morgan Geekie in Ducks zone.
17:30 of 1st period - Josh Manson is hit by Ivan Barbashev and loses puck.
18:14 of 1st period - Penalty to Dylan Larkin is over, Dylan Larkin is back on ice.
Goals for this period are 2 for Ducks vs 1 for Blackhawks.
Shots for this period are 9 for Ducks vs 9 for Blackhawks.

2nd period


0:01 of 2nd period - Nikita Kucherov wins face-off versus Steven Stamkos in neutral zone.
0:06 of 2nd period - Josh Manson is hit by Nathan MacKinnon and loses puck.
0:27 of 2nd period - Noah Hanifin is hit by Riley Stillman and loses puck.
0:38 of 2nd period - Snap shot by Dylan Larkin.
0:38 of 2nd period - Goal by Dylan Larkin - Ducks : 3 - Blackhawks : 1.
0:39 of 2nd period - Valeri Nichushkin wins face-off versus Steven Stamkos in neutral zone.
0:42 of 2nd period - Slapshot by Nikita Kucherov.
0:42 of 2nd period - Stopped by Carter Hart with a rebound.
0:44 of 2nd period - Slapshot by Valeri Nichushkin.
0:44 of 2nd period - Shot Blocked by Morgan Rielly.
0:46 of 2nd period - Wrist shot by Noah Hanifin.
0:46 of 2nd period - Stopped by Carter Hart with a rebound.
0:48 of 2nd period - Wrist shot by Valeri Nichushkin.
0:48 of 2nd period - Stopped by Carter Hart with a rebound.
0:50 of 2nd period - Wrist shot by Valeri Nichushkin.
0:50 of 2nd period - Goal by Valeri Nichushkin - Ducks : 3 - Blackhawks : 2.
0:51 of 2nd period - Steven Stamkos wins face-off versus Nathan MacKinnon in neutral zone.
1:08 of 2nd period - Slapshot by Brett Pesce.
1:08 of 2nd period - Shot Blocked by Thomas Chabot.
1:22 of 2nd period - Timo Meier is hit by Ivan Barbashev and loses puck.
1:41 of 2nd period - Gabriel Vilardi is hit by Adam Larsson and loses puck.
2:13 of 2nd period - Icing by Ryan McDonagh.
2:14 of 2nd period - Michael McLeod wins face-off versus Nathan MacKinnon in Ducks zone.
2:41 of 2nd period - Slapshot by Morgan Rielly.
2:41 of 2nd period - Stopped by Jacob Markstrom without a rebound.
2:42 of 2nd period - Steven Stamkos wins face-off versus Jack Eichel in Blackhawks zone.
3:29 of 2nd period - Off-side.
3:30 of 2nd period - Gabriel Vilardi wins face-off versus Oskar Sundqvist in neutral zone.
4:55 of 2nd period - Morgan Geekie is hit by Erik Cernak.
4:59 of 2nd period - Cole Sillinger is hit by Morgan Geekie and loses puck.
5:17 of 2nd period - Icing by Miles Wood.
5:18 of 2nd period - Steven Stamkos wins face-off versus Jack Eichel in Blackhawks zone.
5:35 of 2nd period - Steven Stamkos is hit by Carson Soucy and loses puck.
6:10 of 2nd period - Slapshot by Trent Frederic.
6:10 of 2nd period - Stopped by Jacob Markstrom without a rebound.
6:11 of 2nd period - Jack Eichel wins face-off versus Oskar Sundqvist in Blackhawks zone.
6:20 of 2nd period - Wrist shot by Alex Tuch.
6:20 of 2nd period - Shot Hit the Post.
6:22 of 2nd period - Slapshot by Erik Cernak.
6:22 of 2nd period - Stopped by Carter Hart without a rebound.
6:23 of 2nd period - Steven Stamkos wins face-off versus Nathan MacKinnon in Ducks zone.
6:36 of 2nd period - Snap shot by Valeri Nichushkin.
6:36 of 2nd period - Deflect By Nathan MacKinnon.
6:36 of 2nd period - Shot Blocked by Thomas Chabot.
6:36 of 2nd period - Puck is out of play.
6:37 of 2nd period - Dylan Larkin wins face-off versus Nathan MacKinnon in Ducks zone.
6:44 of 2nd period - Slapshot by Dylan Larkin.
6:44 of 2nd period - Shot Misses the Net.
6:46 of 2nd period - Wrist shot by Dylan Larkin.
6:46 of 2nd period - Shot Blocked by Nikita Kucherov.
6:48 of 2nd period - Snap shot by Morgan Rielly.
6:48 of 2nd period - Deflect By Timo Meier.
6:48 of 2nd period - Shot Misses the Net.
6:48 of 2nd period - Puck is out of play.
6:49 of 2nd period - Jack Eichel wins face-off versus Steven Stamkos in Blackhawks zone.
7:49 of 2nd period - Slapshot by Oskar Sundqvist.
7:49 of 2nd period - Shot Misses the Net.
8:02 of 2nd period - Minor Penalty to Josh Manson for Roughing.
8:03 of 2nd period - Morgan Geekie wins face-off versus Nathan MacKinnon in Ducks zone.
8:03 of 2nd period - Morgan Geekie is hit by Nathan MacKinnon.
8:17 of 2nd period - Snap shot by Nathan MacKinnon.
8:17 of 2nd period - Stopped by Carter Hart with a rebound.
8:19 of 2nd period - Slapshot by Noah Hanifin.
8:19 of 2nd period - Deflect By Valeri Nichushkin.
8:19 of 2nd period - Shot Blocked by Thomas Chabot.
8:19 of 2nd period - Puck is out of play.
8:20 of 2nd period - Morgan Geekie wins face-off versus Nathan MacKinnon in Ducks zone.
8:45 of 2nd period - Jack Eichel is hit by Morgan Geekie and loses puck.
8:56 of 2nd period - Slapshot by Ivan Barbashev.
8:56 of 2nd period - Stopped by Carter Hart without a rebound.
8:57 of 2nd period - Nathan MacKinnon wins face-off versus Morgan Geekie in Ducks zone.
8:58 of 2nd period - Wrist shot by Nikita Kucherov.
8:58 of 2nd period - Shot Misses the Net.
10:02 of 2nd period - Penalty to Josh Manson is over, Josh Manson is back on ice.
10:02 of 2nd period - Snap shot by Alex Tuch.
10:02 of 2nd period - Shot Blocked by Thomas Chabot.
10:04 of 2nd period - Slapshot by Brett Pesce.
10:04 of 2nd period - Stopped by Carter Hart with a rebound.
10:06 of 2nd period - Slapshot by Brett Pesce.
10:06 of 2nd period - Stopped by Carter Hart with a rebound.
10:08 of 2nd period - Wrist shot by Ivan Barbashev.
10:08 of 2nd period - Shot Blocked by Morgan Geekie.
10:10 of 2nd period - Wrist shot by Ivan Barbashev.
10:10 of 2nd period - Shot Blocked by Thomas Chabot.
10:26 of 2nd period - Snap shot by Alex Tuch.
10:26 of 2nd period - Shot Blocked by Thomas Chabot.
10:28 of 2nd period - Wrist shot by Ivan Barbashev.
10:28 of 2nd period - Stopped by Carter Hart with a rebound.
10:30 of 2nd period - Snap shot by Alex Tuch.
10:30 of 2nd period - Stopped by Carter Hart with a rebound.
10:32 of 2nd period - Slapshot by Ivan Barbashev.
10:32 of 2nd period - Stopped by Carter Hart without a rebound.
10:33 of 2nd period - Nathan MacKinnon wins face-off versus Dylan Larkin in Ducks zone.
10:46 of 2nd period - Snap shot by Nathan MacKinnon.
10:46 of 2nd period - Shot Blocked by Morgan Rielly.
10:48 of 2nd period - Snap shot by Valeri Nichushkin.
10:48 of 2nd period - Shot Misses the Net.
11:07 of 2nd period - Slapshot by Riley Stillman.
11:07 of 2nd period - Shot Blocked by John Marino.
12:16 of 2nd period - Off-side.
12:17 of 2nd period - Jack Eichel wins face-off versus Johnny Gaudreau in neutral zone.
12:44 of 2nd period - Steven Stamkos is hit by Brett Pesce and loses puck.
13:07 of 2nd period - Nicolas Deslauriers is hit by Trent Frederic and loses puck.
13:39 of 2nd period - Snap shot by Tanner Jeannot.
13:39 of 2nd period - Shot Misses the Net.
13:41 of 2nd period - Snap shot by Gabriel Vilardi.
13:41 of 2nd period - Shot Misses the Net.
13:43 of 2nd period - Wrist shot by Tanner Jeannot.
13:43 of 2nd period - Shot Blocked by Riley Stillman.
13:45 of 2nd period - Snap shot by Nicolas Deslauriers.
13:45 of 2nd period - Deflect By Gabriel Vilardi.
13:45 of 2nd period - Stopped by Carter Hart without a rebound.
13:46 of 2nd period - Steven Stamkos wins face-off versus Nathan MacKinnon in Ducks zone.
13:53 of 2nd period - Wrist shot by Nathan MacKinnon.
13:53 of 2nd period - Shot Misses the Net.
13:55 of 2nd period - Slapshot by Nathan MacKinnon.
13:55 of 2nd period - Shot Blocked by Adam Larsson.
13:57 of 2nd period - Snap shot by Valeri Nichushkin.
13:57 of 2nd period - Shot Misses the Net.
14:37 of 2nd period - Slapshot by Adam Larsson.
14:37 of 2nd period - Stopped by Jacob Markstrom without a rebound.
14:38 of 2nd period - Michael McLeod wins face-off versus Nathan MacKinnon in Blackhawks zone.
14:39 of 2nd period - Slapshot by Oliver Wahlstrom.
14:39 of 2nd period - Stopped by Jacob Markstrom with a rebound.
14:46 of 2nd period - Minor Penalty to Ryan McDonagh for Hooking.
14:47 of 2nd period - Morgan Geekie wins face-off versus Nathan MacKinnon in Ducks zone.
15:03 of 2nd period - Off-side.
15:04 of 2nd period - Oskar Sundqvist wins face-off versus Nathan MacKinnon in neutral zone.
15:53 of 2nd period - Minor Penalty to Nikita Kucherov for Hooking.
15:54 of 2nd period - Dylan Larkin wins face-off versus Ivan Barbashev in Blackhawks zone.
16:02 of 2nd period - Snap shot by Dylan Larkin.
16:02 of 2nd period - Shot Misses the Net.
16:04 of 2nd period - Slapshot by Johnny Gaudreau.
16:04 of 2nd period - Deflect By Dylan Larkin.
16:04 of 2nd period - Goal by Dylan Larkin - Ducks : 4 - Blackhawks : 2.
16:04 of 2nd period - Jake Allen enters game.
16:05 of 2nd period - Steven Stamkos wins face-off versus Nathan MacKinnon in neutral zone.
16:20 of 2nd period - Wrist shot by Timo Meier.
16:20 of 2nd period - Shot Misses the Net.
16:37 of 2nd period - Slapshot by Thomas Chabot.
16:37 of 2nd period - Shot Blocked by Noah Hanifin.
16:39 of 2nd period - Slapshot by Johnny Gaudreau.
16:39 of 2nd period - Shot Blocked by Nathan MacKinnon.
16:41 of 2nd period - Wrist shot by Johnny Gaudreau.
16:41 of 2nd period - Stopped by Jake Allen without a rebound.
16:42 of 2nd period - Nathan MacKinnon wins face-off versus Steven Stamkos in Blackhawks zone.
16:46 of 2nd period - Penalty to Ryan McDonagh is over, Ryan McDonagh is back on ice.
17:27 of 2nd period - Alex Tuch is hit by Timo Meier and loses puck.
17:53 of 2nd period - Penalty to Nikita Kucherov is over, Nikita Kucherov is back on ice.
18:16 of 2nd period - Slapshot by Nathan MacKinnon.
18:16 of 2nd period - Stopped by Carter Hart without a rebound.
18:17 of 2nd period - Steven Stamkos wins face-off versus Cole Sillinger in Ducks zone.
18:34 of 2nd period - Slapshot by John Marino.
18:34 of 2nd period - Shot Misses the Net.
18:48 of 2nd period - Wrist shot by Johnny Gaudreau.
18:48 of 2nd period - Shot Misses the Net.
18:50 of 2nd period - Snap shot by Dylan Larkin.
18:50 of 2nd period - Shot Misses the Net.
18:52 of 2nd period - Snap shot by Johnny Gaudreau.
18:52 of 2nd period - Shot Misses the Net.
18:54 of 2nd period - Slapshot by Johnny Gaudreau.
18:54 of 2nd period - Shot Blocked by Alexandre Carrier.
18:56 of 2nd period - Slapshot by Ryan McDonagh.
18:56 of 2nd period - Shot Misses the Net.
19:41 of 2nd period - Slapshot by Lawson Crouse.
19:41 of 2nd period - Shot Blocked by Noah Hanifin.
Goals for this period are 2 for Ducks vs 1 for Blackhawks.
Shots for this period are 7 for Ducks vs 14 for Blackhawks.

3rd period


0:01 of 3rd period - Nathan MacKinnon wins face-off versus Mark Stone in neutral zone.
1:13 of 3rd period - Noah Hanifin is hit by Lawson Crouse and loses puck.
1:24 of 3rd period - Slapshot by Steven Stamkos.
1:24 of 3rd period - Stopped by Jake Allen without a rebound.
1:25 of 3rd period - Dylan Larkin wins face-off versus Nathan MacKinnon in Blackhawks zone.
3:22 of 3rd period - Slapshot by Steven Stamkos.
3:22 of 3rd period - Shot Blocked by Noah Hanifin.
3:24 of 3rd period - Snap shot by Lawson Crouse.
3:24 of 3rd period - Shot Misses the Net.
3:48 of 3rd period - Slapshot by Tanner Jeannot.
3:48 of 3rd period - Stopped by Carter Hart without a rebound.
3:49 of 3rd period - Nikita Kucherov wins face-off versus Steven Stamkos in Ducks zone.
4:18 of 3rd period - Slapshot by Johnny Gaudreau.
4:18 of 3rd period - Stopped by Jake Allen without a rebound.
4:19 of 3rd period - Dylan Larkin wins face-off versus Jack Eichel in Blackhawks zone.
4:20 of 3rd period - Wrist shot by Timo Meier.
4:20 of 3rd period - Stopped by Jake Allen with a rebound.
4:28 of 3rd period - Wrist shot by Johnny Gaudreau.
4:28 of 3rd period - Shot Misses the Net.
4:44 of 3rd period - Alex Tuch is hit by Timo Meier and loses puck.
5:13 of 3rd period - Johnny Gaudreau is hit by Ivan Barbashev.
5:36 of 3rd period - Slapshot by Alex Tuch.
5:36 of 3rd period - Stopped by Carter Hart without a rebound.
5:37 of 3rd period - Nathan MacKinnon wins face-off versus Steven Stamkos in Ducks zone.
5:40 of 3rd period - Snap shot by Nikita Kucherov.
5:40 of 3rd period - Stopped by Carter Hart without a rebound.
5:41 of 3rd period - Nathan MacKinnon wins face-off versus Steven Stamkos in Ducks zone.
5:42 of 3rd period - Snap shot by Nikita Kucherov.
5:42 of 3rd period - Stopped by Carter Hart without a rebound.
5:43 of 3rd period - Steven Stamkos wins face-off versus Nathan MacKinnon in Ducks zone.
6:10 of 3rd period - Slapshot by Oskar Sundqvist.
6:10 of 3rd period - Stopped by Jake Allen without a rebound.
6:11 of 3rd period - Gabriel Vilardi wins face-off versus Oskar Sundqvist in Blackhawks zone.
6:11 of 3rd period - Gabriel Vilardi is hit by Adam Larsson.
6:23 of 3rd period - Adam Larsson is hit by Tanner Jeannot.
7:48 of 3rd period - Snap shot by Steven Stamkos.
7:48 of 3rd period - Shot Misses the Net.
8:02 of 3rd period - Lawson Crouse is hit by Jack Eichel and loses puck.
8:09 of 3rd period - Slapshot by Josh Manson.
8:09 of 3rd period - Deflect By Ivan Barbashev.
8:09 of 3rd period - Stopped by Jake Allen without a rebound.
8:10 of 3rd period - Dylan Larkin wins face-off versus Jack Eichel in Blackhawks zone.
8:47 of 3rd period - Snap shot by Oskar Sundqvist.
8:47 of 3rd period - Shot Misses the Net.
8:49 of 3rd period - Backhand shot by Thomas Chabot.
8:49 of 3rd period - Shot Misses the Net.
8:51 of 3rd period - Snap shot by Trent Frederic.
8:51 of 3rd period - Shot Misses the Net.
9:09 of 3rd period - Wrist shot by Gabriel Vilardi.
9:09 of 3rd period - Shot Blocked by Morgan Rielly.
9:11 of 3rd period - Snap shot by Nicolas Deslauriers.
9:11 of 3rd period - Stopped by Carter Hart with a rebound.
9:13 of 3rd period - Snap shot by Nicolas Deslauriers.
9:13 of 3rd period - Stopped by Carter Hart without a rebound.
9:14 of 3rd period - Dylan Larkin wins face-off versus Jack Eichel in Ducks zone.
9:27 of 3rd period - Wrist shot by Johnny Gaudreau.
9:27 of 3rd period - Stopped by Jake Allen with a rebound.
9:29 of 3rd period - Slapshot by Johnny Gaudreau.
9:29 of 3rd period - Shot Misses the Net.
9:31 of 3rd period - Snap shot by Johnny Gaudreau.
9:31 of 3rd period - Shot Misses the Net.
10:07 of 3rd period - Snap shot by Gabriel Vilardi.
10:07 of 3rd period - Shot Misses the Net.
10:09 of 3rd period - Snap shot by Erik Cernak.
10:09 of 3rd period - Deflect By Trent Frederic.
10:09 of 3rd period - Stopped by Carter Hart with a rebound.
10:11 of 3rd period - Wrist shot by Nicolas Deslauriers.
10:11 of 3rd period - Stopped by Carter Hart without a rebound.
10:12 of 3rd period - Nathan MacKinnon wins face-off versus Steven Stamkos in Ducks zone.
12:07 of 3rd period - Snap shot by Jack Eichel.
12:07 of 3rd period - Shot Misses the Net.
12:09 of 3rd period - Snap shot by Ivan Barbashev.
12:09 of 3rd period - Stopped by Carter Hart with a rebound.
12:20 of 3rd period - Thomas Chabot is hit by Ivan Barbashev and loses puck.
12:27 of 3rd period - Wrist shot by Alex Tuch.
12:27 of 3rd period - Stopped by Carter Hart with a rebound.
12:29 of 3rd period - Snap shot by Jack Eichel.
12:29 of 3rd period - Stopped by Carter Hart with a rebound.
12:31 of 3rd period - Backhand shot by Alex Tuch.
12:31 of 3rd period - Stopped by Carter Hart with a rebound.
12:33 of 3rd period - Wrist shot by Jack Eichel.
12:33 of 3rd period - Stopped by Carter Hart with a rebound.
12:35 of 3rd period - Wrist shot by Alex Tuch.
12:35 of 3rd period - Stopped by Carter Hart with a rebound.
13:01 of 3rd period - Snap shot by Ivan Barbashev.
13:01 of 3rd period - Goal by Ivan Barbashev - Ducks : 4 - Blackhawks : 3.
13:02 of 3rd period - Steven Stamkos wins face-off versus Valeri Nichushkin in neutral zone.
13:14 of 3rd period - Slapshot by Steven Stamkos.
13:14 of 3rd period - Stopped by Jake Allen without a rebound.
13:15 of 3rd period - Steven Stamkos wins face-off versus Nathan MacKinnon in Blackhawks zone.
13:26 of 3rd period - Wrist shot by Steven Stamkos.
13:26 of 3rd period - Shot Misses the Net.
13:28 of 3rd period - Minor Penalty to Nathan MacKinnon for Slashing.
13:29 of 3rd period - Ivan Barbashev wins face-off versus Steven Stamkos in Blackhawks zone.
13:44 of 3rd period - Snap shot by Timo Meier.
13:44 of 3rd period - Shot Misses the Net.
13:46 of 3rd period - Slapshot by Morgan Rielly.
13:46 of 3rd period - Deflect By Steven Stamkos.
13:46 of 3rd period - Stopped by Jake Allen without a rebound.
13:47 of 3rd period - Dylan Larkin wins face-off versus Ivan Barbashev in Blackhawks zone.
14:04 of 3rd period - Snap shot by Dylan Larkin.
14:04 of 3rd period - Deflect By Mark Stone.
14:04 of 3rd period - Shot Misses the Net.
14:04 of 3rd period - Puck is out of play.
14:05 of 3rd period - Steven Stamkos wins face-off versus Ivan Barbashev in Blackhawks zone.
14:22 of 3rd period - Noah Hanifin is hit by Timo Meier and loses puck.
14:33 of 3rd period - Wrist shot by Johnny Gaudreau.
14:33 of 3rd period - Goal by Johnny Gaudreau - Ducks : 5 - Blackhawks : 3.
14:34 of 3rd period - Nathan MacKinnon wins face-off versus Steven Stamkos in neutral zone.
14:37 of 3rd period - Lawson Crouse is hit by Nathan MacKinnon and loses puck.
15:00 of 3rd period - Morgan Rielly is hit by Tanner Jeannot and loses puck.
15:05 of 3rd period - Slapshot by John Marino.
15:05 of 3rd period - Stopped by Carter Hart without a rebound.
15:06 of 3rd period - Nicolas Deslauriers wins face-off versus Dylan Larkin in Ducks zone.
15:13 of 3rd period - Snap shot by Tanner Jeannot.
15:13 of 3rd period - Stopped by Carter Hart with a rebound.
15:15 of 3rd period - Slapshot by John Marino.
15:15 of 3rd period - Stopped by Carter Hart without a rebound.
15:16 of 3rd period - Dylan Larkin wins face-off versus Nathan MacKinnon in Ducks zone.
15:43 of 3rd period - Timo Meier is hit by Nicolas Deslauriers and loses puck.
16:10 of 3rd period - Wrist shot by Steven Stamkos.
16:10 of 3rd period - Stopped by Jake Allen with a rebound.
16:36 of 3rd period - Nathan MacKinnon is hit by Adam Larsson and loses puck.
17:21 of 3rd period - Slapshot by Thomas Chabot.
17:21 of 3rd period - Shot Misses the Net.
17:37 of 3rd period - Wrist shot by Nikita Kucherov.
17:37 of 3rd period - Stopped by Carter Hart without a rebound.
17:38 of 3rd period - Dylan Larkin wins face-off versus Gabriel Vilardi in Ducks zone.
18:18 of 3rd period - Icing by Lawson Crouse.
18:19 of 3rd period - Steven Stamkos wins face-off versus Gabriel Vilardi in Ducks zone.
18:19 of 3rd period - Steven Stamkos is hit by Tanner Jeannot.
18:31 of 3rd period - Slapshot by Lawson Crouse.
18:31 of 3rd period - Stopped by Jake Allen without a rebound.
18:32 of 3rd period - Gabriel Vilardi wins face-off versus Dylan Larkin in Blackhawks zone.
18:41 of 3rd period - Snap shot by Gabriel Vilardi.
18:41 of 3rd period - Stopped by Carter Hart with a rebound.
18:43 of 3rd period - Snap shot by Noah Hanifin.
18:43 of 3rd period - Stopped by Carter Hart without a rebound.
18:44 of 3rd period - Dylan Larkin wins face-off versus Gabriel Vilardi in Ducks zone.
18:44 of 3rd period - Dylan Larkin is hit by Nicolas Deslauriers.
18:56 of 3rd period - Snap shot by Timo Meier.
18:56 of 3rd period - Stopped by Jake Allen with a rebound.
18:58 of 3rd period - Wrist shot by Dylan Larkin.
18:58 of 3rd period - Stopped by Jake Allen with a rebound.
Goals for this period are 1 for Ducks vs 1 for Blackhawks.
Shots for this period are 13 for Ducks vs 21 for Blackhawks.